[Event "*** Titled Tuesday Blitz"]
[Site "Chess.com"]
[Date "2021.04.20"]
[Round "8"]
[White "C_K_G"]
[Black "akanga001"]
[Result "1-0"]
[WhiteElo "2085"]
[BlackElo "1984"]
[TimeControl "180+1"]
[EndTime "11:24:43 PDT"]
[Termination "C_K_G won by resignation"]

1. e4 c6 2. Nf3 d5 3. Nc3 dxe4 4. Nxe4 Nf6 5. Nxf6+ gxf6 6. d4 Bg4 7. Be3 e6 8. Be2 Na6 9. Qd2 Bb4 10. c3 Bd6 11.
O-O-O Nc7 12. h3 Bh5 13. c4 Qd7 14. Kb1 O-O-O 15. Ka1 Na6 16. c5 Be7 17. Bxa6 bxa6 18. Qa5 Qb7 19. Rd3 Qb5 20. Qa3 a5 21. Rb3 Qa6 22. Rc1 Bxf3 23. gxf3 Rhg8 24. Qa4 e5 25. Ra3 exd4 26. Bxd4 Rd5 27. Be3 Bd8 28. Qe4 Re5 29. Qxh7 Rge8 30. Qxf7 Be7 31. Qxe8+ Kc7 32. Bf4 1-0

[Event "*** Titled Tuesday Blitz"]
[Site "Chess.com"]
[Date "2021.04.20"]
[Round "8"]
[White "Abund"]
[Black "KeithArkell"]
[Result "1-0"]
[WhiteElo "2742"]
[BlackElo "2608"]
[TimeControl "180+1"]
[EndTime "11:24:45 PDT"]
[Termination "Abund won by resignation"]

1. e4 c6 2. d4 d5 3. e5 c5 4.
dxc5 Nc6 5. f4 e6 6. Be3 d4 7.
Bf2 Bxc5 8. Nd2 Nge7 9. Ne4 Bb4+ 10. c3 dxc3 11. Qxd8+ Nxd8 12. bxc3 Ba5 13. Bb5+ Ndc6 14. Nd6+ Kf8 15. Ne2 Rb8 16. Bc5 Bd7 17. O-O-O g5 18. Nxf7 Kxf7 19. Rxd7 Rhe8 20. fxg5 Kg8 21. Nf4 Ng6 22.
Nh5 Bd8 23. Bd6 Bxg5+ 24. Kb2 Rbc8 25. Rxb7 Ncxe5 26. Bxe5 Nxe5 27. Bxe8 Rxe8 28. Rg7+ 1-0

[Event "*** Titled Tuesday Blitz"]
[Site "Chess.com"]
[Date "2021.04.20"]
[Round "8"]
[White "allejam"]
[Black "AnnaChessLook"]
[Result "0-1"]
[WhiteElo "2150"]
[BlackElo "2243"]
[TimeControl "180+1"]
[EndTime "11:24:51 PDT"]
[Termination "AnnaChessLook won by checkmate"]

1. e4 c5 2. d4 cxd4 3. c3 d3 4. Bxd3 g6 5. c4 Bg7 6. Nc3 d6 7. Nge2 Nf6 8. O-O O-O 9. h3 Nc6 10. Be3 Be6 11. b3 Qa5 12. Rc1 a6 13. f4 Rfc8 14. f5 Bd7 15. fxg6 hxg6 16. Nd4 Nxd4 17.
Bxd4 Be6 18. Na4 Nd7 19. Bxg7 Kxg7 20. Qe2 Ne5 21. Bb1 b5 22. cxb5 axb5 23. Nc3 Rxc3 24. Rxc3 Qxc3 25. Qxb5 Qg3 26. Kh1 Bxh3 27. gxh3 Qxh3+ 28. Kg1 Qg3+ 29. Kh1 Rh8# 0-1

[Event "*** Titled Tuesday Blitz"]
[Site "Chess.com"]
[Date "2021.04.20"]
[Round "8"]
[White "GMRafpig"]
[Black "RD4ever"]
[Result "0-1"]
[WhiteElo "2704"]
[BlackElo "2871"]
[TimeControl "180+1"]
[EndTime "11:24:57 PDT"]
[Termination "RD4ever won by resignation"]

1. c4 e5 2. Nc3 Bb4 3. g3 Bxc3 4.
bxc3 d6 5. Bg2 Nc6 6. d3 Nge7 7. e4 O-O 8. Ne2 f5 9. exf5 Bxf5 10. O-O Qd7 11. Be3 Bh3 12. Qd2 b6 13. Bxh3 Qxh3 14. f3 Rf7 15. Rf2 Raf8 16. Raf1 h6 17. f4 Ng6 18.
fxe5 Ncxe5 19. Rxf7 Rxf7 20. Rxf7 Kxf7 21. Nd4 Kg8 22. Qe2 c5 23. Nf3 Qg4 24. Kf2 Qf5 25. d4 Ng4+ 26. Kg2 Qe4 0-1

[Event "*** Titled Tuesday Blitz"]
[Site "Chess.com"]
[Date "2021.04.20"]
[Round "8"]
[White "eCztery"]
[Black "elohunter1999"]
[Result "1-0"]
[WhiteElo "2415"]
[BlackElo "2487"]
[TimeControl "180+1"]
[EndTime "11:24:58 PDT"]
[Termination "eCztery won by checkmate"]

1. e4 c5 2. Nf3 Nc6 3. g3 g6 4. Bg2 Bg7 5. O-O d6 6. Nc3 e5 7. Nd5 Nge7 8. c3 O-O 9. Ne1 f5 10. d3 Be6 11. Kh1 Qd7 12. Nc2 Rae8 13. Bg5 h6 14.
Bxe7 Nxe7 15. Nxe7+ Qxe7 16. Ne3 f4 17. Nd5 Qf7 18.
Bf3 g5 19. Bh5 Qd7 20. Bxe8 Qxe8 21. f3 Qh5 22. g4 Qh3 23. Qe2 h5 24. Ne7+ Kf7 25.
Nf5 Rh8 26. Rf2 Bf8 27. c4 Be7 28. Rg1 Bxf5 29. exf5 Bf6 30. Qe4 hxg4 31. Qd5+ Kg7 32. Qxb7+ Kh6 33. Qf7 g3 34. Qg6# 1-0

[Event "*** Titled Tuesday Blitz"]
[Site "Chess.com"]
[Date "2021.04.20"]
[Round "8"]
[White "aaaao"]
[Black "Orest_Vovk"]
[Result "1-0"]
[WhiteElo "2632"]
[BlackElo "2462"]
[TimeControl "180+1"]
[EndTime "11:24:59 PDT"]
[Termination "aaaao won by resignation"]

1. c4 g5 2. d4 h6 3. h4 g4 4. f3 Bg7 5. e4 c5 6. d5 d6 7.
Nc3 Bxc3+ 8. bxc3 Qa5 9. Bd2 Nf6 10. Bd3 gxf3 11. gxf3 Nbd7 12. f4 Rg8 13. Nf3 Rg3 14. Kf2 Nh5 15. Rg1 Rxg1 16. Qxg1 Ndf6 17. Nh2 b5 18. e5 bxc4 19. exf6 cxd3 20. Qg8+ Kd7 21.
fxe7 Nf6 22. Qxf7 Ne8 23. Ng4 Kc7 24. Qxe8 Bxg4 25. Qc6+ 1-0

[Event "*** Titled Tuesday Blitz"]
[Site "Chess.com"]
[Date "2021.04.20"]
[Round "8"]
[White "AEMEffi"]
[Black "Deepweb2020"]
[Result "1-0"]
[WhiteElo "2342"]
[BlackElo "2470"]
[TimeControl "180+1"]
[EndTime "11:24:59 PDT"]
[Termination "AEMEffi won by checkmate"]

1. d4 Nf6 2. c4 e6 3. Nc3 Bb4 4. e3 b6 5. f3 c5 6. d5 exd5 7.
cxd5 Bb7 8. e4 O-O 9. Nh3 d6 10. Be2 Nbd7 11. O-O Bxc3 12. bxc3 Ne5 13. f4 Ng6 14.
Nf2 Re8 15. Bd3 c4 16. Bc2 Nd7 17. Qd4 b5 18. a4 a6 19. Ba3 Qc7 20. g3 Nc5 21. Bxc5 Qxc5 22. Qxc5 dxc5 23. Rfb1 f5 24. axb5 fxe4 25. Bxe4 Ne7 26. d6 Bxe4 27. Nxe4 Nf5 28. Nxc5 axb5 29. d7 Rxa1 30. dxe8=Q# 1-0

[Event "*** Titled Tuesday Blitz"]
[Site "Chess.com"]
[Date "2021.04.20"]
[Round "8"]
[White "GAusal"]
[Black "Grandmaster2B"]
[Result "0-1"]
[WhiteElo "2034"]
[BlackElo "2533"]
[TimeControl "180+1"]
[EndTime "11:24:59 PDT"]
[Termination "Grandmaster2B won by resignation"]

1. d4 Nf6 2. Bf4 e6 3. e3 c5 4. c3 cxd4 5. exd4 d6 6. Nf3 Be7 7. Bd3 O-O 8. O-O b6 9. Nbd2 Bb7 10. Re1 a6 11. Ne4 Nxe4 12. Bxe4 Bxe4 13. Rxe4 Nd7 14. Re1 Nf6 15. Bg3 Qd7 16. Qb3 Qc6 17. Re2 b5 18.
a3 Qc4 19. Qc2 Rac8 20. Rae1 Nd5 21. Nd2 Qxd4 22. Qxh7+ Kxh7 23. cxd4 Rc2 24. Ne4 Rc4 25. Nxd6 Rxd4 26. Ne4 Rc8 27. h4 Nb6 28. Ng5+ Bxg5 29. hxg5 Nc4 30. Be5 Nxe5 31. Rxe5 Rc2 32. R1e2 Rdd2 33.
Rxd2 Rxd2 34. b4 Kg6 35. Re3 Kxg5 36. Kh2 Rxf2 37. Kg3 Rd2 38. Rf3 f5 39. Rc3 Kf6 40. Kf3 g5 41. g3 Ke5 42. Ke3 Rd6 43. Rc5+ Kf6 44. g4 fxg4 45. Ke4 Rd5 46. Rc3 Rf5 47.
Rg3 Rf4+ 48. Ke3 Kf5 49. Kd2 e5 50. Rc3 Rf3 51. Rc6 g3 52. Ke2 Rxa3 0-1

[Event "*** Titled Tuesday Blitz"]
[Site "Chess.com"]
[Date "2021.04.20"]
[Round "8"]
[White "VMikhalevski"]
[Black "manitodeplomo"]
[Result "1-0"]
[WhiteElo "2722"]
[BlackElo "2584"]
[TimeControl "180+1"]
[EndTime "11:25:14 PDT"]
[Termination "VMikhalevski won by resignation"]

1. c4 e6 2. Nf3 f5 3. b3 b6 4. g3 Bb7 5. Bg2 Nf6 6. Bb2 Be7 7. O-O O-O 8. d3 a5 9. Nc3 Na6 10. a3 Qe8 11. Nb5 Qh5 12. e3 Rad8 13. Ne5 Qxd1 14.
Rfxd1 Bxg2 15. Kxg2 c6 16. Nc3 Rc8 17. Rab1 d6 18. Nf3 h6 19. Nd4 Kf7 20. Ba1 g5 21. b4 axb4 22. axb4 c5 23. Nc2 d5 24. bxc5 bxc5 25.
Rb7 Nb4 26. Nxb4 cxb4 27. Nb5 Rb8 28. Nd6+ 1-0

[Event "*** Titled Tuesday Blitz"]
[Site "Chess.com"]
[Date "2021.04.20"]
[Round "8"]
[White "kidagent"]
[Black "buhomurciano"]
[Result "1-0"]
[WhiteElo "2334"]
[BlackElo "2185"]
[TimeControl "180+1"]
[EndTime "11:25:14 PDT"]
[Termination "kidagent won by resignation"]

1. e4 e5 2. Nf3 Nc6 3. Bb5 Nge7 4.
O-O a6 5. Ba4 g6 6. c3 Bg7 7. d4 b5 8. Bb3 d6 9. Re1 O-O 10. a4 Rb8 11. axb5 axb5 12. d5 Bd7 13. dxc6 Bxc6 14. Bg5 h6 15. Bxe7 Qxe7 16. Nbd2 Kh7 17. Qe2 f5 18. exf5 gxf5 19. Ra7 b4 20. Qc4 Qd7 21. Qe6 Qd8 22. Bc2 e4 23. Nd4 Bd7 24. Qc4 c5 25. Ne2 Bc6 26. Nf4 Qf6 27. Nh5 1-0

[Event "*** Titled Tuesday Blitz"]
[Site "Chess.com"]
[Date "2021.04.20"]
[Round "8"]
[White "viktorgen2021"]
[Black "QuintilianoR"]
[Result "0-1"]
[WhiteElo "2365"]
[BlackElo "2668"]
[TimeControl "180+1"]
[EndTime "11:25:16 PDT"]
[Termination "QuintilianoR won by checkmate"]

1. e4 c5 2. Nf3 d6 3. d3 Nf6 4. g3 g6 5. Bg2 Nc6 6. O-O Bg7 7. Nbd2 O-O 8. Re1 e5 9. c3 Rb8 10. a4 Re8 11. Qc2 a6 12. Nf1 b5 13. Ne3 h6 14. Nd2 Be6 15. axb5 axb5 16. Nd5 Bxd5 17. exd5 Ne7 18. c4 Nf5 19. Nf3 bxc4 20. dxc4 e4 21.
Nd2 e3 22. fxe3 Nxe3 23. Qd3 Nxg2 24. Rxe8+ Qxe8 25. Kxg2 Ng4 26. Nb3 Rxb3 27. Qxb3 Qe2+ 28. Kh3 Nf2+ 29. Kg2 Ne4+ 30. Kh3 Qf1+ 31. Kh4 Bf6+ 32. Kg4 Qf5# 0-1

[Event "*** Titled Tuesday Blitz"]
[Site "Chess.com"]
[Date "2021.04.20"]
[Round "8"]
[White "AndreyNeves"]
[Black "MalyDominator"]
[Result "0-1"]
[WhiteElo "2262"]
[BlackElo "2454"]
[TimeControl "180+1"]
[EndTime "11:25:22 PDT"]
[Termination "MalyDominator won by resignation"]

1. d4 Nf6 2. c4 e6 3. g3 d5 4. Nf3 Be7 5. Bg2 O-O 6. O-O dxc4 7. a4 c6 8. Qc2 b6 9. Nbd2 Bb7 10. Nxc4 Nbd7 11.
Rd1 Qc8 12. Bf4 c5 13. Nd6 Bxd6 14. Bxd6 Rd8 15. dxc5 Nxc5 16. Ne5 Bxg2 17. Kxg2 Qb7+ 18. f3 Rac8 19. Bxc5 Rxd1 20. Rxd1 Nd5 21. Qb3 Rxc5 22. e4 Qc7 23. exd5 Qxe5 24. d6 Qe2+ 25. Kg1 Rc2 0-1

[Event "*** Titled Tuesday Blitz"]
[Site "Chess.com"]
[Date "2021.04.20"]
[Round "8"]
[White "ChristopherYoo"]
[Black "Murad_Ibrahimli"]
[Result "1-0"]
[WhiteElo "2888"]
[BlackElo "2745"]
[TimeControl "180+1"]
[EndTime "11:25:23 PDT"]
[Termination "ChristopherYoo won by resignation"]

1. e4 e5 2. Nf3 Nc6 3. Bb5 a6 4. Ba4 Nf6 5. d4 exd4 6. O-O Be7 7. e5 Nd5 8. Nxd4 Nb6 9. Nf5 g6 10. Nxe7 Qxe7 11. Nc3 Nxa4 12. Nd5 Qh4 13. Nxc7+ Kf8 14. Nxa8 Kg7 15. Nc7 d5 16. exd6 Bd7 17. Nd5 Be6 18.
Nf4 Bf5 19. b3 Nc3 20. Bb2 Qxf4 21. Bxc3+ f6 22. g3 Qg5 23. h4 Qg4 24. Qxg4 Bxg4 25. f3 Bd7 26. Rad1 Kf7 27. Rfe1 h5 28. Kf2 Rc8 29.
Re2 Bf5 30. d7 Rd8 31. Rd6 1-0

[Event "*** Titled Tuesday Blitz"]
[Site "Chess.com"]
[Date "2021.04.20"]
[Round "8"]
[White "olksuna"]
[Black "svilson23"]
[Result "1-0"]
[WhiteElo "2648"]
[BlackElo "2278"]
[TimeControl "180+1"]
[EndTime "11:25:24 PDT"]
[Termination "olksuna won by resignation"]

1. e4 c6 2. Nf3 d5 3. Nc3 Bg4 4. h3 Bh5 5. exd5 cxd5 6. Bb5+ Nc6 7. g4 Bg6 8. Ne5 Qd6 9. d4 f6 10. Nxg6 hxg6 11. Qd3 Kf7 12. Nxd5 e6 13. Nf4 Nge7 14. Bc4 Nxd4 15. Nxe6 Qe5+ 16. Kd1 Nxe6 17. Re1 Nc6 18. Qd7+ Be7 19. Bxe6+ Kf8 20. Rxe5 fxe5 21. Qxb7 Rd8+ 22. Bd2 Nd4 23. Bd5 Rxh3 24. c3 Nf3 25. Bxf3 Bg5 26. Bd5 1-0

[Event "*** Titled Tuesday Blitz"]
[Site "Chess.com"]
[Date "2021.04.20"]
[Round "8"]
[White "AsaHoffmann"]
[Black "GrigoriyM2001"]
[Result "0-1"]
[WhiteElo "2346"]
[BlackElo "2565"]
[TimeControl "180+1"]
[EndTime "11:25:26 PDT"]
[Termination "GrigoriyM2001 won by resignation"]

1. d4 Nf6 2. Bg5 Ne4 3. Bf4 d5 4. f3 Nf6 5. e4 dxe4 6. Nc3 exf3 7. Nxf3 Bg4 8. h3 Bh5 9. g4 Bg6 10. Ne5 Nbd7 11. Bg2 c6 12. Qe2 e6 13. O-O-O Nxe5 14. Bxe5 Bb4 15. h4 h5 16. g5 Nd7 17. Bxg7 Rg8 18. Be5 Qa5 19. Rh3 O-O-O 20. a3 Be7 21. Bf3 Nxe5 22. Qxe5 Qxe5 23. dxe5 Bc5 24. Be4 Bd4 25.
Bxg6 fxg6 26. Re1 Rgf8 27. Nd1 Rf5 28. Rd3 Bxe5 29. Rxd8+ Kxd8 30. c3 Ke7 31. Kc2 Bg3 32.
Re4 Rf4 33. Rxf4 Bxf4 34. Kd3 Bg3 35. Ne3 Bxh4 0-1

[Event "*** Titled Tuesday Blitz"]
[Site "Chess.com"]
[Date "2021.04.20"]
[Round "8"]
[White "ljuks68"]
[Black "Artem_Sadovsky"]
[Result "1-0"]
[WhiteElo "2467"]
[BlackElo "2609"]
[TimeControl "180+1"]
[EndTime "11:25:27 PDT"]
[Termination "ljuks68 won by resignation"]

1. e4 g6 2. d4 Bg7 3. Nc3 c6 4. Bc4 d5 5. exd5 b5 6. Be2 b4 7. Na4 cxd5 8. a3 bxa3 9. Rxa3 Nc6 10. Nf3 Bg4 11. c3 e6 12. h3 Bxf3 13. Bxf3 Nge7 14.
O-O O-O 15. Nc5 Nf5 16. b4 a5 17. b5 Ncxd4 18. cxd4 Bxd4 19. Nd3 e5 20. Bg4 Ng3 21. Re1 f5 22. Nxe5 Qb6 23. Rxg3 Bxf2+ 24. Kh2 Bxg3+ 25. Kxg3 fxg4 26. Qxd5+ Kg7 27. Nxg4 Qc7+ 28. Qe5+ Qxe5+ 29. Rxe5 Rfe8 30. Bb2 Rxe5 31. Nxe5 Kf6 32. Nc6+ Ke6 33. b6 a4 34. b7 a3 35. bxa8=Q axb2 36. Qb7 1-0

[Event "*** Titled Tuesday Blitz"]
[Site "Chess.com"]
[Date "2021.04.20"]
[Round "8"]
[White "BvsN"]
[Black "Grandmaster1369"]
[Result "1-0"]
[WhiteElo "2376"]
[BlackElo "2574"]
[TimeControl "180+1"]
[EndTime "11:25:27 PDT"]
[Termination "BvsN won by checkmate"]

1. c4 e5 2. Nc3 Nf6 3. Nf3 Nc6 4. e3 Bb4 5. Qc2 Bxc3 6. Qxc3 d5 7. Nxe5 Ne4 8. Nxc6 Nxc3 9. Nxd8 Ne4 10. Nxf7 Kxf7 11. cxd5 Rd8 12. f3 Nd6 13. e4 c6 14. e5 Nf5 15. d6 Be6 16. Bd3 Nd4 17. O-O h5 18. f4 Bd5 19. b3 Re8 20. Bb2 Ne6 21. f5 Nc5 22. Bc2 a5 23. Rae1 Rad8 24. e6+ Kg8 25.
d7 Re7 26. Be5 Nxe6 27. fxe6 Rxe6 28. Bf5 Re7 29. Bc7 Rxe1 30. Rxe1 Rf8 31. d8=Q Rxd8 32. Bxd8 a4 33. Be6+ Bxe6 34. Rxe6 axb3 35. axb3 c5 36. Rb6 c4 37. bxc4 g5 38. Rxb7 g4 39.
Bg5 g3 40. hxg3 h4 41. gxh4 Kf8 42. Kf2 Kg8 43. Kf3 Kf8 44. Kf4 Kg8 45. Kf5 Kh8 46. Kg6 Kg8 47. Rb8# 1-0

[Event "*** Titled Tuesday Blitz"]
[Site "Chess.com"]
[Date "2021.04.20"]
[Round "8"]
[White "Sashadav97"]
[Black "superchess02"]
[Result "1-0"]
[WhiteElo "2645"]
[BlackElo "2733"]
[TimeControl "180+1"]
[EndTime "11:25:31 PDT"]
[Termination "Sashadav97 won by resignation"]

1. d4 Nf6 2. c4 c6 3. Nc3 g6 4. e4 d5 5. cxd5 cxd5 6. e5 Ne4 7. h4 h5 8. Bd3 Nc6 9. Nge2 Bf5 10. f3 Nxc3 11. bxc3 Bxd3 12. Qxd3 Qd7 13. Ba3 e6 14. Bxf8 Kxf8 15. Kf2 b6 16. g4 Na5 17.
gxh5 Rxh5 18. Ng3 Rh6 19. Qd2 Kg7 20. h5 Rah8 21. hxg6 Rxh1 22. Rxh1 Rxh1 23. Nxh1 fxg6 24. Kg2 Qe7 25. Nf2 Nc4 26. Qc1 b5 27. Ng4 g5 28.
Qh1 Kf8 29. Qh8+ Kf7 30. Qh5+ Kf8 31. Qh8+ Kf7 32. Qh5+ Kf8 33. Nf6 Qf7 34. Qh8+ Ke7 35. Qc8 Qg6 36. Qd7+ Kf8 37. Qd8+ Kg7 38. Qg8+ 1-0

[Event "*** Titled Tuesday Blitz"]
[Site "Chess.com"]
[Date "2021.04.20"]
[Round "8"]
[White "ViktoriyaTarasova"]
[Black "chesshermar"]
[Result "1-0"]
[WhiteElo "2433"]
[BlackElo "2231"]
[TimeControl "180+1"]
[EndTime "11:25:32 PDT"]
[Termination "ViktoriyaTarasova won by resignation"]

1. d4 Nf6 2. c4 g6 3. Nc3 Bg7 4. e4 d6 5. h3 O-O 6. Be3 e5 7.
d5 a5 8. g4 Na6 9. Be2 Nd7 10. Qc2 Ndc5 11. O-O-O Bd7 12. f3 a4 13. h4 Nb4 14. Qb1 f5 15. gxf5 gxf5 16. Bg5 Qe8 17.
Nh3 Nb3+ 18. axb3 axb3 19. Kd2 fxe4 20. fxe4 Nc2 21. Rdg1 Bxh3 22. Rxh3 Rf2 23. Bh6 Rxe2+ 24. Nxe2 Ra1 25. Rxg7+ Kh8 26. Qxa1 Nxa1 27. Rf3 Qa8 28. Rgf7 1-0

[Event "*** Titled Tuesday Blitz"]
[Site "Chess.com"]
[Date "2021.04.20"]
[Round "8"]
[White "Sharpchess22"]
[Black "Harry_Rakkel"]
[Result "1-0"]
[WhiteElo "2793"]
[BlackElo "2603"]
[TimeControl "180+1"]
[EndTime "11:25:35 PDT"]
[Termination "Sharpchess22 won by resignation"]

1. c4 e5 2. Nc3 Nf6 3. Nf3 Nc6 4.
g3 d5 5. cxd5 Nxd5 6. Bg2 Nb6 7.
d3 Be7 8. O-O O-O 9. Rb1 Be6 10.
a3 a5 11. Be3 Nd5 12. Bd2 Qd7 13. Rc1 f6 14. Ne4 Rfd8 15. Nc5 Bxc5 16. Rxc5 Nde7 17.
b4 axb4 18. axb4 Rdc8 19. b5 Nd8 20. Qb1 Bh3 21. Bxh3 Qxh3 22. Rfc1 Ne6 23. Qb3 Kh8 24. R5c4 Ng6 25. Be3 f5 26. Ra4 f4 27. Rxa8 Rxa8 28. Bd2 Rf8 29. Qd5 h5 30. Nxe5 Nxe5 31. Qxe5 fxg3 32. hxg3 Rf6 33. Rc4 b6 34. Rh4 Qf5 35.
Rxh5+ 1-0

[Event "*** Titled Tuesday Blitz"]
[Site "Chess.com"]
[Date "2021.04.20"]
[Round "8"]
[White "frenchpin"]
[Black "UCantHandleDenker"]
[Result "1/2-1/2"]
[WhiteElo "2435"]
[BlackElo "2596"]
[TimeControl "180+1"]
[EndTime "11:25:36 PDT"]
[Termination "Game drawn by repetition"]

1. e4 d6 2. d4 Nf6 3. Nc3 e5 4. dxe5 dxe5 5. Qxd8+ Kxd8 6. Bg5 c6 7. O-O-O+ Ke8 8. f4 Nbd7 9. Nf3 h6 10. Bxf6 gxf6 11. f5 h5 12. g3 b5 13. Bd3 Nc5 14. Rhe1 b4 15. Nb1 a5 16. Bc4 Bh6+ 17. Nbd2 Ke7 18. c3 Rd8 19. Kc2 bxc3 20. bxc3 a4 21. Rb1 Ra7 22.
Rb6 Rad7 23. Nb1 Nd3 24. Re2 Nc1 25. Re1 Nd3 26. Re2 Nc1 27. Re1 Nd3 1/2-1/2

[Event "*** Titled Tuesday Blitz"]
[Site "Chess.com"]
[Date "2021.04.20"]
[Round "8"]
[White "Sibelephant"]
[Black "Zkid"]
[Result "1-0"]
[WhiteElo "3091"]
[BlackElo "2835"]
[TimeControl "180+1"]
[EndTime "11:25:37 PDT"]
[Termination "Sibelephant won by resignation"]

1. e4 c5 2. Nc3 Nc6 3. g3 g6 4. Bg2 Bg7 5. d3 d6 6. Be3 e6 7. Qd2 Rb8 8. Nge2 Nd4 9. O-O b5 10. b4 Nxe2+ 11. Nxe2 Bxa1 12. Rxa1 cxb4 13. Qxb4 Ne7 14. Bh6 e5 15. d4 Qc7 16. dxe5 dxe5 17. Nc3 Qc4 18. Qb2 Nc6 19. Nd5 Be6 20. Rd1 Bxd5 21.
exd5 Qb4 22. Qa1 Nd4 23. Bg7 Kd7 24. Bxe5 Ne2+ 25. Kh1 Rhe8 26. Bxb8 Rxb8 27. Qf6 Qe7 28. Qxe7+ Kxe7 29. Re1 1-0

[Event "*** Titled Tuesday Blitz"]
[Site "Chess.com"]
[Date "2021.04.20"]
[Round "8"]
[White "KetiGrant"]
[Black "DarZay"]
[Result "1-0"]
[WhiteElo "2332"]
[BlackElo "2179"]
[TimeControl "180+1"]
[EndTime "11:25:46 PDT"]
[Termination "KetiGrant won by resignation"]

1. e4 e5 2. Nf3 Nc6 3. Bb5 Nge7 4. O-O g6 5. c3 Bg7 6. d4 exd4 7. cxd4 d5 8. exd5 Nxd5 9. Nc3 Be6 10. Bxc6+ bxc6 11. Ne4 O-O 12. h3 Rb8 13. Bg5 Qd7 14. Qd2 f5 15.
Nc5 Qd6 16. Rfe1 Bf7 17. Bh6 Nf6 18. Bxg7 Kxg7 19. b3 Rfe8 20. Ne5 Rb4 21. Rad1 Rb5 22. Qc1 Bd5 23. f3 Rbb8 24. g4 fxg4 25. hxg4 Rf8 26. Re2 Nxg4 27. fxg4 Bf3 28. Rh2 h5 29. Rd3 Rf4 30.
Qxf4 1-0

[Event "*** Titled Tuesday Blitz"]
[Site "Chess.com"]
[Date "2021.04.20"]
[Round "8"]
[White "beautroll"]
[Black "ZAbdumalik"]
[Result "1-0"]
[WhiteElo "2476"]
[BlackElo "2613"]
[TimeControl "180+1"]
[EndTime "11:25:48 PDT"]
[Termination "beautroll won by resignation"]

1. e4 e5 2. Nf3 Nc6 3. Bb5 a6 4. Ba4 Nf6 5. O-O Be7 6. Re1 b5 7. Bb3 O-O 8. a4 Bb7 9. c3 d5 10. exd5 Nxd5 11. axb5 axb5 12. Rxa8 Bxa8 13. Nxe5 Nxe5 14. Rxe5 Nf4 15. d4 Nxg2 16. Qg4 Nh4 17. d5 Bf6 18. Rh5 Ng6 19. Be3 c6 20. Qh3 Bh4 21.
Nd2 Qc8 22. Rxh4 Nxh4 23. Qxh4 cxd5 24. Bc2 f5 25. Bd4 Qe6 26. Nf3 Qg6+ 27. Kf1 b4 28. Qe7 bxc3 29. bxc3 Bc6 30. Bd3 Re8 31. Qc7 Ba4 32. Ne5 Qh5 33. Be2 Qxh2 34. Qf7+ Kh8 35. Ng6+ 1-0

[Event "*** Titled Tuesday Blitz"]
[Site "Chess.com"]
[Date "2021.04.20"]
[Round "8"]
[White "Rodalquilar"]
[Black "federicosellitti"]
[Result "1-0"]
[WhiteElo "2734"]
[BlackElo "2604"]
[TimeControl "180+1"]
[EndTime "11:25:49 PDT"]
[Termination "Rodalquilar won on time"]

1. d4 d5 2. Bf4 c5 3. e3 cxd4 4.
exd4 Nc6 5. Nf3 Nf6 6. Nbd2 Bg4 7.
c3 e6 8. Qb3 Bd6 9. Qxb7 Bxf4 10.
Qxc6+ Kf8 11. Ne5 Bxd2+ 12. Kxd2 Ne4+ 13. Ke1 Rc8 14. Qb7 Bh5 15. Nc6 Qc7 16. Qb4+ Ke8 17. Bb5 a6 18. Ba4 Ra8 19. Ne5+ Kd8 20. f3 Nd6 21.
Kf2 Ke7 22. g4 Bg6 23. h4 h5 24.
Rae1 1-0

[Event "*** Titled Tuesday Blitz"]
[Site "Chess.com"]
[Date "2021.04.20"]
[Round "8"]
[White "Zhigalko_Sergei"]
[Black "platy3"]
[Result "1-0"]
[WhiteElo "2929"]
[BlackElo "2837"]
[TimeControl "180+1"]
[EndTime "11:25:50 PDT"]
[Termination "Zhigalko_Sergei won by resignation"]

1. e4 c5 2. Nf3 e6 3. c3 Nf6 4.
e5 Nd5 5. Bc4 Nc6 6. d4 cxd4 7.
cxd4 d6 8. O-O Be7 9. Bd2 O-O 10. Nc3 Nxc3 11. Bxc3 dxe5 12. dxe5 Qxd1 13. Rfxd1 Rd8 14.
Rxd8+ Bxd8 15. Rd1 Be7 16. Bd3 h6 17. Be4 Kf8 18. Nd2 Ke8 19. Nc4 Bd7 20. Nd6+ Bxd6 21. exd6 f6 22. f4 Rc8 23. Bg6+ Kf8 24. g4 Nd8 25.
Kf2 Rc4 26. Ke3 Rc8 27. h4 Rc4 28. g5 hxg5 29. hxg5 fxg5 30. fxg5 Rg4 31. Rh1 Kg8 32. Bh7+ Kf7 33. Rf1+ Ke8 34. Bg6+ 1-0

[Event "*** Titled Tuesday Blitz"]
[Site "Chess.com"]
[Date "2021.04.20"]
[Round "8"]
[White "draksbg"]
[Black "Vaathi_Coming"]
[Result "1-0"]
[WhiteElo "2596"]
[BlackElo "2898"]
[TimeControl "180+1"]
[EndTime "11:25:52 PDT"]
[Termination "draksbg won by checkmate"]

1. e4 e5 2. Nf3 Nc6 3. Bb5 a6 4. Ba4 Nf6 5. O-O b5 6. Bb3 Bc5 7. c3 d6 8. d4 Bb6 9. Re1 Bg4 10. Bg5 Rb8 11. Nbd2 h6 12. Bh4 O-O 13. h3 Bh5 14. Bd5 Ne7 15. Bxf6 gxf6 16. Bb3 Kh8 17. Nf1 Rg8 18.
Ng3 Bg6 19. Nh4 Qd7 20. Qf3 Kg7 21. Rad1 a5 22. Nh5+ Bxh5 23. Qxh5 Kh7 24. Qxf7+ Rg7 25.
Qxf6 exd4 26. cxd4 a4 27. Be6 Qe8 28. e5 Qf8 29. Re3 dxe5 30. Qxe5 Rd8 31. Rf3 Qe8 32.
Rf6 Rd6 33. Qf4 Ng6 34. Nf5 Rxe6 35. Qxh6+ Kg8 36. Qxg7# 1-0

[Event "*** Titled Tuesday Blitz"]
[Site "Chess.com"]
[Date "2021.04.20"]
[Round "8"]
[White "731291"]
[Black "zubridis"]
[Result "0-1"]
[WhiteElo "2675"]
[BlackElo "2558"]
[TimeControl "180+1"]
[EndTime "11:25:53 PDT"]
[Termination "zubridis won by resignation"]

1. e4 c5 2. Nc3 g6 3. Nf3 Bg7 4.
h4 Nc6 5. h5 d6 6. Bc4 e6 7. d3 Nge7 8. h6 Bf6 9. Bf4 a6 10. a4 Ne5 11. Nxe5 Bxe5 12. Bxe5 dxe5 13. Qf3 Nc6 14. Ne2 Qg5 15. Qe3 Qxe3 16. fxe3 Ke7 17. O-O b6 18. Rf2 f6 19. c3 Ra7 20. d4 Rd7 21.
Raf1 Rf8 22. d5 Na5 23. Ba2 c4 24. Ng3 exd5 25. exd5 Rxd5 26. Ne4 Bf5 27. Ng3 Bd3 28. Re1 e4 29. Ne2 Bxe2 30. Rexe2 Rfd8 31. Kh2 Rh5+ 32. Kg3 Rxh6 33. Rd2 Rd3 34. Bb1 Rh5 35. Kf4 Re5 36. Bxd3 cxd3 37. g4 Nc4 38. b3 g5+ 39. Kg3 Nxe3 40.
c4 a5 41. Rh2 Nf1+ 0-1

[Event "*** Titled Tuesday Blitz"]
[Site "Chess.com"]
[Date "2021.04.20"]
[Round "8"]
[White "Hikaru"]
[Black "amintabatabaei"]
[Result "1-0"]
[WhiteElo "3177"]
[BlackElo "3004"]
[TimeControl "180+1"]
[EndTime "11:25:54 PDT"]
[Termination "Hikaru won by resignation"]

1. Nf3 d5 2. e3 Nf6 3. b3 e6 4.
Bb2 Be7 5. d4 O-O 6. Bd3 b6 7. c4 Bb7 8. Nbd2 Nbd7 9. O-O c5 10.
cxd5 Nxd5 11. a3 cxd4 12. Nxd4 Rc8 13. Rc1 Rxc1 14. Qxc1 Ne5 15. Be2 Qa8 16. Nxe6 Rc8 17. Qa1 fxe6 18. Bxe5 Rc2 19. Rd1 Qf8 20. Bd3 Rc8 21.
a4 Qf7 22. Bc4 Rf8 23. Rf1 Qg6 24. Bg3 h5 25. Qb1 Qh6 26. Qe4 h4 27. Bf4 Qf6 28. Nf3 h3 29. Ng5 Qf5 30. Qxe6+ Kh8 31. Bxd5 Qxd5 32.
Qxh3+ 1-0

[Event "*** Titled Tuesday Blitz"]
[Site "Chess.com"]
[Date "2021.04.20"]
[Round "8"]
[White "AldokhinIvan"]
[Black "1977Ivan"]
[Result "1-0"]
[WhiteElo "2537"]
[BlackElo "2700"]
[TimeControl "180+1"]
[EndTime "11:25:55 PDT"]
[Termination "AldokhinIvan won by checkmate"]

1. e4 g6 2. d4 d6 3. Nc3 c6 4.
Bg5 Bg7 5. Qd2 Qa5 6. f4 b5 7. Bd3 Bxd4 8. Nf3 Bg7 9. e5 dxe5 10. fxe5 Bg4 11. O-O Nd7 12. e6 Bxe6 13. Nxb5 Qb6+ 14. Be3 Qd8 15. Nbd4 Bd5 16. c4 Bxf3 17. Rxf3 Ne5 18. Be4 c5 19. Bxa8 cxd4 20. Bf4 Qxa8 21. Bxe5 Bxe5 22.
Re1 Bg7 23. Qe2 Qb7 24. c5 Nf6 25. Rb3 Qc7 26. Rb8+ Qxb8 27. Qxe7# 1-0